NYP
LOWELL SPINNERS @ VERMONT LAKE MONSTERS
04/30/2045
 
TOP OF THE 1ST
Lowell Spinners batting - Pitching for Vermont Lake Monsters : LHP Jimmy Ford
Pitching: LHP Jimmy Ford
Batting: RHB Matt Hinkle 0-0: Ball
1-0: Swinging Strike
1-1: Ball
2-1: Foul Ball, location: 2F
2-2: Strikes out swinging
Batting: LHB Stanislav Parusov 0-0: Swinging Strike
0-1: Fly out, F5 (Popup, 15S, EV 82.5 MPH)
Batting: LHB Nelis Geurts 0-0: Ball
1-0: Called Strike
1-1: Ground out 5-3 (Groundball, 56, EV 86.9 MPH)
Top of the 1st over - 0 runs, 0 hits, 0 errors, 0 left on base; Lowell 0 - Vermont 0
BOTTOM OF THE 1ST
Vermont Lake Monsters batting - Pitching for Lowell Spinners : RHP Josh Graham
Pitching: RHP Josh Graham
Batting: RHB Carlos Ballesteros 0-0: Foul Ball, location: 2F
0-1: Swinging Strike
0-2: Ball
1-2: Foul Ball, location: 2F
1-2: Ground out 1-3 (Groundball, 13S, EV 63.1 MPH)
Batting: RHB Armando Estrada 0-0: Ball
1-0: Foul Ball, location: 2F
1-1: Ball
2-1: Called Strike
2-2: Foul Ball, location: 2F
2-2: Ball
3-2: Fly out, F6 (Line Drive, 6, EV 73.1 MPH)
Batting: LHB Lee Gerken 0-0: Ball
1-0: Ball
2-0: Called Strike
2-1: Called Strike
2-2: Ball
3-2: Strikes out swinging
Bottom of the 1st over - 0 runs, 0 hits, 0 errors, 0 left on base; Lowell 0 - Vermont 0
TOP OF THE 2ND
Lowell Spinners batting - Pitching for Vermont Lake Monsters : LHP Jimmy Ford
Batting: RHB William Lung 0-0: Ball
1-0: Foul Ball, location: 2F
1-1: Swinging Strike
1-2: Strikes out looking
Batting: RHB Frank Sokolosky 0-0: Foul Ball, location: 2F
0-1: Ball
1-1: SINGLE (Groundball, 5D, EV 103.8 MPH)
Batting: RHB Billy Ratz 0-0: Grounds into double play, 4-6-3 (Groundball, 4, EV 81.9 MPH)
Top of the 2nd over - 0 runs, 1 hit, 0 errors, 0 left on base; Lowell 0 - Vermont 0
BOTTOM OF THE 2ND
Vermont Lake Monsters batting - Pitching for Lowell Spinners : RHP Josh Graham
Batting: LHB Chance Stever 0-0: Called Strike
0-1: Swinging Strike
0-2: Strikes out swinging
Batting: RHB Eduardo Chavez 0-0: Ball
1-0: DOUBLE (Line Drive, 8RXD, EV 105.0 MPH)
Batting: SHB Manny Trump 0-0: Ball
1-0: Ball
2-0: Foul Ball, location: 2F
2-1: Foul Ball, location: 2F
2-2: Foul Ball, location: 2F
2-2: Ball
3-2: Ground out 6-3 (Groundball, 6, EV 108.8 MPH)
Batting: LHB Larry Prey 0-0: Foul Ball, location: 2F
0-1: Ball
1-1: Foul Ball, location: 2F
1-2: Ball
2-2: Strikes out looking
Bottom of the 2nd over - 0 runs, 1 hit, 0 errors, 1 left on base; Lowell 0 - Vermont 0
TOP OF THE 3RD
Lowell Spinners batting - Pitching for Vermont Lake Monsters : LHP Jimmy Ford
Batting: RHB Bobby Schimke 0-0: Ball
1-0: Ball
2-0: Ground out 5-3 (Groundball, 56, EV 101.2 MPH)
Batting: RHB Josh Helman 0-0: Ground out 3-1 (Groundball, 34, EV 81.9 MPH)
Batting: LHB Danny Montoya 0-0: Fly out, F8 (Line Drive, 8RD, EV 83.8 MPH)
Top of the 3rd over - 0 runs, 0 hits, 0 errors, 0 left on base; Lowell 0 - Vermont 0
BOTTOM OF THE 3RD
Vermont Lake Monsters batting - Pitching for Lowell Spinners : RHP Josh Graham
Batting: RHB Bastiaan Leenders 0-0: Called Strike
0-1: Fly out, F9 (Flyball, 9S, EV 94.4 MPH)
Batting: RHB Antonio Bautista 0-0: Ball
1-0: Called Strike
1-1: Foul Ball, location: 2F
1-2: Ground out 6-3 (Groundball, 6, EV 81.9 MPH)
Batting: RHB Carlos Ballesteros 0-0: Called Strike
0-1: Foul Ball, location: 2F
0-2: Ball
1-2: Strikes out swinging
Bottom of the 3rd over - 0 runs, 0 hits, 0 errors, 0 left on base; Lowell 0 - Vermont 0
TOP OF THE 4TH
Lowell Spinners batting - Pitching for Vermont Lake Monsters : LHP Jimmy Ford
Batting: RHB Matt Hinkle 0-0: Fly out, F8 (Flyball, 8RD, EV 87.5 MPH)
Batting: LHB Stanislav Parusov 0-0: Called Strike
0-1: Ball
1-1: Ground out 5-3 (Groundball, 56, EV 78.8 MPH)
Batting: LHB Nelis Geurts 0-0: Ball
1-0: Ground out 1-3 (Groundball, 13S, EV 64.4 MPH)
Top of the 4th over - 0 runs, 0 hits, 0 errors, 0 left on base; Lowell 0 - Vermont 0
BOTTOM OF THE 4TH
Vermont Lake Monsters batting - Pitching for Lowell Spinners : RHP Josh Graham
Batting: RHB Armando Estrada 0-0: Ball
1-0: Swinging Strike
1-1: Ball
2-1: Ball
3-1: Base on Balls
Batting: LHB Lee Gerken 0-0: Ball
1-0: Ball
2-0: SINGLE (Groundball, 34D, EV 104.4 MPH)
Armando Estrada to second
Runner from 2nd tries for 3rd, SAFE, throw by RF made to third
Batting: LHB Chance Stever 0-0: Ball
1-0: Foul Ball, location: 2F
1-1: Swinging Strike
1-2: Foul Ball, location: 2F
1-2: Ball
2-2: Foul Ball, location: 2F
2-2: Foul Ball, location: 2F
2-2: Ball
3-2: Base on Balls
Lee Gerken to second
Batting: RHB Eduardo Chavez 0-0: Fielders Choice at 2nd, 5-4 (Groundball, 56, EV 96.2 MPH)
Armando Estrada scores
Lee Gerken to third
Batting: SHB Manny Trump 0-0: Ball
1-0: Called Strike
1-1: Ball
2-1: Swinging Strike
2-2: Ball
Eduardo Chavez is caught stealing 2nd base 2-6
3-2: Base on Balls
Batting: LHB Larry Prey 0-0: Foul Ball, location: 2F
0-1: Foul Ball, location: 2F
0-2: Foul Ball, location: 2F
0-2: Ball
1-2: Ground out 4-3 (Groundball, 34, EV 100.0 MPH)
Bottom of the 4th over - 1 run, 1 hit, 0 errors, 2 left on base; Lowell 0 - Vermont 1
TOP OF THE 5TH
Lowell Spinners batting - Pitching for Vermont Lake Monsters : LHP Jimmy Ford
Batting: RHB William Lung 0-0: Ground out 3-1 (Groundball, 34, EV 98.8 MPH)
Batting: RHB Frank Sokolosky 0-0: Ball
1-0: Ball
2-0: Called Strike
2-1: Ground out 4-3 (Groundball, 4, EV 99.4 MPH)
Batting: RHB Billy Ratz 0-0: Foul Ball, location: 2F
0-1: Ball
1-1: Ball
2-1: Ground out 1-3 (Groundball, 15S, EV 66.2 MPH)
Top of the 5th over - 0 runs, 0 hits, 0 errors, 0 left on base; Lowell 0 - Vermont 1
BOTTOM OF THE 5TH
Vermont Lake Monsters batting - Pitching for Lowell Spinners : RHP Josh Graham
Batting: RHB Bastiaan Leenders 0-0: Foul Ball, location: 2F
0-1: Called Strike
0-2: Ball
1-2: Strikes out swinging
Batting: RHB Antonio Bautista 0-0: Ball
1-0: Ball
2-0: Foul Ball, location: 2F
2-1: Ball
3-1: Foul Ball, location: 2F
3-2: Base on Balls
Batting: RHB Carlos Ballesteros 0-0: Ball
1-0: Ball
2-0: Foul Ball, location: 2F
2-1: SINGLE (Groundball, 56, EV 98.8 MPH)
Antonio Bautista to second
Batting: RHB Armando Estrada 0-0: Foul Ball, location: 2F
0-1: Ball
1-1: Foul Ball, location: 2F
1-2: Grounds into double play, 5-4-3 (Groundball, 56, EV 80.6 MPH)
Bottom of the 5th over - 0 runs, 1 hit, 0 errors, 1 left on base; Lowell 0 - Vermont 1
TOP OF THE 6TH
Lowell Spinners batting - Pitching for Vermont Lake Monsters : LHP Jimmy Ford
Batting: RHB Bobby Schimke 0-0: Foul Ball, location: 2F
0-1: Ball
1-1: DOUBLE (Groundball, 5L, EV 98.1 MPH)
Batting: RHB Josh Helman 0-0: Called Strike
0-1: Ball
1-1: 2-RUN HOME RUN (Flyball, 7LD, EV 90.0 MPH), Distance : 339 ft
Batting: LHB Danny Montoya 0-0: Called Strike
0-1: Called Strike
0-2: Ball
1-2: Ball
2-2: Strikes out swinging
Batting: RHB Matt Hinkle 0-0: Called Strike
0-1: Foul Ball, location: 2F
0-2: Ball
1-2: Ball
2-2: Ball
3-2: Foul Ball, location: 2F
3-2: Fly out, F6 (Flyball, 56D, EV 80.0 MPH)
Batting: LHB Stanislav Parusov 0-0: Ball
1-0: Ball
2-0: Ball
3-0: Foul Ball, location: 2F
3-1: Ground out 6-3 (Groundball, P, EV 78.8 MPH)
Top of the 6th over - 2 runs, 2 hits, 0 errors, 0 left on base; Lowell 2 - Vermont 1
BOTTOM OF THE 6TH
Vermont Lake Monsters batting - Pitching for Lowell Spinners : RHP Josh Graham
Batting: LHB Lee Gerken 0-0: Swinging Strike
0-1: Foul Ball, location: 2F
0-2: Foul Ball, location: 2F
0-2: SINGLE (Groundball, 4MD, EV 99.4 MPH)
Batting: LHB Chance Stever 0-0: Ball
1-0: Ball
2-0: Foul Ball, location: 2F
2-1: Ball
3-1: Base on Balls
Lee Gerken to second
Pitching: RHP Michel van Kampen
Batting: RHB Eduardo Chavez 0-0: Ball
1-0: Ball
2-0: Called Strike
2-1: Foul Ball, location: 2F
2-2: Foul Ball, location: 2F
2-2: Foul Ball, location: 2F
2-2: Strikes out swinging
Batting: SHB Manny Trump 0-0: Foul Ball, location: 2F
0-1: Ball
1-1: Swinging Strike
1-2: Strikes out swinging
Batting: LHB Larry Prey 0-0: Ground out 6-3 (Groundball, 6MS, EV 62.5 MPH)
Bottom of the 6th over - 0 runs, 1 hit, 0 errors, 2 left on base; Lowell 2 - Vermont 1
TOP OF THE 7TH
Lowell Spinners batting - Pitching for Vermont Lake Monsters : LHP Jimmy Ford
Batting: LHB Nelis Geurts 0-0: Ball
1-0: Ball
2-0: Ball
3-0: Called Strike
3-1: TRIPLE (Groundball, 3L, EV 95.6 MPH)
Batting: RHB William Lung 0-0: Swinging Strike
0-1: Ball
1-1: Ball
2-1: Foul Ball, location: 2F
2-2: Foul Ball, location: 2F
2-2: Foul Ball, location: 2F
2-2: Ball
3-2: Base on Balls
Batting: RHB Frank Sokolosky 0-0: Ball
1-0: Ground out 5-3 (Groundball, 5, EV 80.6 MPH)
William Lung to second
Batting: RHB Billy Ratz 0-0: Ball
1-0: Fly out, F8 (Flyball, 8RXD, EV 76.9 MPH)
Runner from 3rd tags up, SCORES, no throw by CF
Batting: RHB Bobby Schimke 0-0: Ball
1-0: Foul Ball, location: 2F
1-1: Ball
2-1: Foul Ball, location: 2F
2-2: Ground out 5-3 (Groundball, 5, EV 76.2 MPH)
Top of the 7th over - 1 run, 1 hit, 0 errors, 1 left on base; Lowell 3 - Vermont 1
BOTTOM OF THE 7TH
Vermont Lake Monsters batting - Pitching for Lowell Spinners : RHP Michel van Kampen
Batting: RHB Bastiaan Leenders 0-0: Called Strike
0-1: Foul Ball, location: 2F
0-2: Hit by Pitch
Batting: RHB Antonio Bautista 0-0: Sac Bunt to 15 - play at first, batter OUT! 1-3
Bastiaan Leenders to second
Batting: RHB Carlos Ballesteros 0-0: Ball
1-0: Fly out, F8 (Flyball, 8RM, EV 89.4 MPH)
Batting: RHB Armando Estrada 0-0: Called Strike
0-1: Ball
Wild Pitch!
Bastiaan Leenders to third
1-1: Called Strike
1-2: Ball
2-2: Foul Ball, location: 2F
2-2: Strikes out swinging wild pitch, reaches first!
Bastiaan Leenders scores
Batting: LHB Lee Gerken 0-0: Called Strike
Armando Estrada steals 2nd base (no throw)
0-1: Ball
1-1: Ball
2-1: Foul Ball, location: 2F
2-2: Ball
3-2: Base on Balls
Batting: LHB Chance Stever 0-0: Ball
1-0: Ball
2-0: Called Strike
2-1: Foul Ball, location: 2F
2-2: Strikes out looking
Bottom of the 7th over - 1 run, 0 hits, 0 errors, 2 left on base; Lowell 3 - Vermont 2
TOP OF THE 8TH
Lowell Spinners batting - Pitching for Vermont Lake Monsters : LHP Jimmy Ford
Batting: RHB Josh Helman 0-0: Foul Ball, location: 2F
0-1: Hit by Pitch
Batting: LHB Danny Montoya 0-0: Called Strike
0-1: Ball
1-1: Fielders Choice at 2nd, 3-6 (Groundball, 34S, EV 93.1 MPH)
Batting: RHB Matt Hinkle 0-0: Grounds into double play, 4-6-3 (Groundball, 4, EV 89.4 MPH)
Top of the 8th over - 0 runs, 0 hits, 0 errors, 0 left on base; Lowell 3 - Vermont 2
BOTTOM OF THE 8TH
Vermont Lake Monsters batting - Pitching for Lowell Spinners : RHP Michel van Kampen
Pitching: RHP Juan Mejia
Batting: RHB Eduardo Chavez 0-0: Ball
1-0: Swinging Strike
1-1: Fly out, F8 (Flyball, 89D, EV 103.1 MPH)
Batting: SHB Manny Trump 0-0: Called Strike
0-1: Called Strike
0-2: Ball
1-2: Strikes out swinging
Batting: LHB Larry Prey 0-0: Ball
1-0: Foul Ball, location: 2F
1-1: Ground out 4-3 (Groundball, 34, EV 85.0 MPH)
Bottom of the 8th over - 0 runs, 0 hits, 0 errors, 0 left on base; Lowell 3 - Vermont 2
TOP OF THE 9TH
Lowell Spinners batting - Pitching for Vermont Lake Monsters : LHP Jimmy Ford
Pinch Hitting: RHB Curt Stallings 0-0: Ball
1-0: Ground out 6-3 (Groundball, 6, EV 93.1 MPH)
Batting: LHB Nelis Geurts 0-0: TRIPLE (Flyball, 89XD, EV 94.4 MPH)
Batting: RHB William Lung 0-0: Ball
1-0: Swinging Strike
1-1: Swinging Strike
1-2: Strikes out swinging
Batting: RHB Frank Sokolosky 0-0: Foul Ball, location: 2F
0-1: Ball
1-1: Reached on error, E6 (Groundball, 4MD, EV 91.9 MPH)
Nelis Geurts scores
Pitching: RHP Ben Jennings
Batting: RHB Billy Ratz 0-0: Ground out U3 (Groundball, 13, EV 77.5 MPH)
Top of the 9th over - 1 run, 1 hit, 1 error, 1 left on base; Lowell 4 - Vermont 2
BOTTOM OF THE 9TH
Vermont Lake Monsters batting - Pitching for Lowell Spinners : RHP Juan Mejia
Pitching: RHP Jim Whiteman
Now at 3B: Frank Sokolosky
Now at SS: Jose Conde
Batting: RHB Bastiaan Leenders 0-0: Called Strike
0-1: Ball
1-1: Called Strike
1-2: Ball
2-2: Fly out, F9 (Flyball, 9LM, EV 96.9 MPH)
Pinch Hitting: RHB Jonathan Gallup 0-0: Called Strike
0-1: SOLO HOME RUN (Flyball, 7D, EV 97.5 MPH), Distance : 373 ft
Batting: RHB Carlos Ballesteros 0-0: Ball
1-0: Called Strike
1-1: Swinging Strike
1-2: SINGLE (Groundball, 4MD, EV 107.5 MPH)
Batting: RHB Armando Estrada 0-0: Ball
1-0: Ground out 5-3 (Groundball, 6MS, EV 67.5 MPH)
Carlos Ballesteros to second
Batting: LHB Lee Gerken 0-0: Called Strike
0-1: Ball
1-1: Called Strike
1-2: Ball
2-2: SINGLE (Line Drive, 6MD, EV 100.6 MPH)
Carlos Ballesteros to third
Runner from 3rd tries for Home, SAFE, throw by CF to home
Batting: LHB Chance Stever 0-0: Called Strike
0-1: Ball
Wild Pitch!
Lee Gerken to second
1-1: Intentional Walk
Batting: RHB Eduardo Chavez 0-0: Called Strike
0-1: Foul Ball, location: 2F
0-2: Ball
1-2: Fly out, F7 (Flyball, 78D, EV 103.8 MPH)
Bottom of the 9th over - 2 runs, 3 hits, 0 errors, 2 left on base; Lowell 4 - Vermont 4
TOP OF THE 10TH
Lowell Spinners batting - Pitching for Vermont Lake Monsters : RHP Ben Jennings
Pitching: RHP Harry Barnes
Now at C: Brian Rathbun
Batting: RHB Bobby Schimke 0-0: Ball
1-0: SINGLE (Line Drive, 9S, EV 100.6 MPH)
Pinch Hitting: LHB Eddie Contreras 0-0: Ball
1-0: Bunted foul
1-1: Bunted foul
1-2: Foul Ball, location: 2F
1-2: Ball
2-2: Fielders Choice at 2nd, 6-4 (Groundball, 56D, EV 95.6 MPH)
Batting: LHB Danny Montoya 0-0: Ball
1-0: Ball
2-0: Swinging Strike
2-1: Foul Ball, location: 2F
2-2: Grounds into double play, 4-6-3 (Groundball, 4, EV 89.4 MPH)
Top of the 10th over - 0 runs, 1 hit, 0 errors, 0 left on base; Lowell 4 - Vermont 4
BOTTOM OF THE 10TH
Vermont Lake Monsters batting - Pitching for Lowell Spinners : RHP Jim Whiteman
Pitching: RHP Joseph Anderson
Now at C: Greg Shkolnik
Batting: SHB Manny Trump 0-0: Ball
1-0: Ground out 5-3 (Groundball, 5L, EV 83.1 MPH)
Batting: LHB Larry Prey 0-0: Ball
1-0: Called Strike
1-1: Called Strike
1-2: Ball
2-2: Strikes out swinging
Pinch Hitting: LHB Juan Villafana 0-0: Foul Ball, location: 2F
0-1: Fly out, F5 (Popup, 15, EV 86.2 MPH)
Bottom of the 10th over - 0 runs, 0 hits, 0 errors, 0 left on base; Lowell 4 - Vermont 4
TOP OF THE 11TH
Lowell Spinners batting - Pitching for Vermont Lake Monsters : RHP Harry Barnes
Now in RF: Juan Villafana
Batting: RHB Matt Hinkle 0-0: Swinging Strike
0-1: Swinging Strike
0-2: Ball
1-2: DOUBLE (Line Drive, 8RXD, EV 105.0 MPH)
Pinch Hitting: SHB Eric Evans 0-0: Ball
1-0: Ball
2-0: Ball
3-0: Called Strike
3-1: Ground out 6-3 (Groundball, 6, EV 89.4 MPH)
Matt Hinkle to third
Batting: LHB Nelis Geurts 0-0: Intentional Walk
Batting: RHB William Lung 0-0: Ground out 5-3 (Groundball, 56S, EV 91.2 MPH)
Nelis Geurts to second
Pitching: LHP David Noffsinger
Batting: RHB Frank Sokolosky 0-0: Called Strike
0-1: Ball
1-1: Ball
2-1: Swinging Strike
2-2: Strikes out swinging
Top of the 11th over - 0 runs, 1 hit, 0 errors, 2 left on base; Lowell 4 - Vermont 4
BOTTOM OF THE 11TH
Vermont Lake Monsters batting - Pitching for Lowell Spinners : RHP Joseph Anderson
Now at 3B: Erik Nunez
Now at SS: Frank Sokolosky
Pinch Hitting: RHB Colin Boddy 0-0: Swinging Strike
0-1: Ball
1-1: SINGLE (Groundball, 6, EV 98.1 MPH)
Batting: RHB Carlos Ballesteros 0-0: Ball
1-0: Sac Bunt to 5S - play at first, batter OUT! 5-4
Colin Boddy to second
Batting: RHB Armando Estrada 0-0: Called Strike
0-1: Ground out 5-3 (Groundball, 56, EV 88.1 MPH)
Batting: LHB Lee Gerken 0-0: Ball
1-0: Fly out, F9 (Line Drive, 9D, EV 91.9 MPH)
Bottom of the 11th over - 0 runs, 1 hit, 0 errors, 1 left on base; Lowell 4 - Vermont 4
TOP OF THE 12TH
Lowell Spinners batting - Pitching for Vermont Lake Monsters : LHP David Noffsinger
Now at C: Colin Boddy
Batting: RHB Billy Ratz 0-0: Ball
1-0: Swinging Strike
1-1: Swinging Strike
1-2: Ball
2-2: Ground out 6-3 (Groundball, 4MS, EV 88.1 MPH)
Batting: RHB Bobby Schimke 0-0: Ground out 6-3 (Groundball, P, EV 85.6 MPH)
Batting: RHB Greg Shkolnik 0-0: Ball
1-0: Ball
2-0: Ball
3-0: Base on Balls
Pinch Hitting: RHB Dan Sorrow 0-0: Ball
1-0: Foul Ball, location: 2F
1-1: Ball
2-1: Foul Ball, location: 2F
2-2: Ball
3-2: Foul Ball, location: 2F
3-2: Base on Balls
Greg Shkolnik to second
Pinch Runner at 2nd Tony Rivera:
Batting: RHB Matt Hinkle 0-0: Swinging Strike
0-1: Foul Ball, location: 2F
0-2: Foul Ball, location: 2F
0-2: Ball
1-2: Ball
2-2: Ball
3-2: Strikes out looking
Top of the 12th over - 0 runs, 0 hits, 0 errors, 2 left on base; Lowell 4 - Vermont 4
BOTTOM OF THE 12TH
Vermont Lake Monsters batting - Pitching for Lowell Spinners : RHP Joseph Anderson
Now at C: Mike Strey
Now at 1B: Tony Rivera
Batting: LHB Chance Stever 0-0: Ball
1-0: Fly out, F7 (Flyball, 7, EV 94.4 MPH)
Batting: RHB Eduardo Chavez 0-0: Ball
1-0: Ball
2-0: Swinging Strike
2-1: Called Strike
2-2: Fly out, F7 (Flyball, 78S, EV 90.6 MPH)
Batting: SHB Manny Trump 0-0: Ball
1-0: Ball
2-0: Ball
3-0: Called Strike
3-1: Base on Balls
Batting: LHB Larry Prey 0-0: Called Strike
0-1: Called Strike
0-2: Foul Ball, location: 2F
0-2: Ground out 4-3 (Groundball, 4, EV 103.1 MPH)
Bottom of the 12th over - 0 runs, 0 hits, 0 errors, 1 left on base; Lowell 4 - Vermont 4
TOP OF THE 13TH
Lowell Spinners batting - Pitching for Vermont Lake Monsters : LHP David Noffsinger
Pitching: LHP Alexis Miranda
Batting: RHB Erik Nunez 0-0: Foul Ball, location: 2F
0-1: Ball
1-1: Ball
2-1: Foul Ball, location: 2F
2-2: Ground out 3-1 (Groundball, 34, EV 103.8 MPH)
Batting: LHB Nelis Geurts 0-0: Called Strike
0-1: Ball
1-1: Swinging Strike
1-2: Ball
2-2: SINGLE (Groundball, 6M, EV 107.5 MPH) (infield hit)
Batting: RHB William Lung 0-0: Called Strike
0-1: Called Strike
0-2: Ball
1-2: Strikes out looking
Batting: RHB Frank Sokolosky 0-0: Called Strike
Nelis Geurts is caught stealing 2nd base 2-4
Top of the 13th over - 0 runs, 1 hit, 0 errors, 0 left on base; Lowell 4 - Vermont 4
BOTTOM OF THE 13TH
Vermont Lake Monsters batting - Pitching for Lowell Spinners : RHP Joseph Anderson
Batting: LHB Juan Villafana 0-0: Ball
1-0: Called Strike
1-1: Fly out, F7 (Flyball, 7D, EV 90.6 MPH)
Batting: RHB Colin Boddy 0-0: Ball
1-0: Ball
2-0: Ball
3-0: Base on Balls
Pitching: RHP Bryan Paiva
Batting: RHB Carlos Ballesteros 0-0: Called Strike
0-1: Called Strike
0-2: Foul Ball, location: 2F
0-2: Ground out 5-3 (Groundball, 56S, EV 87.5 MPH)
Colin Boddy to second
Batting: RHB Armando Estrada 0-0: Ball
1-0: Called Strike
1-1: Ball
2-1: Fly out, F7 (Line Drive, 7, EV 89.4 MPH)
Bottom of the 13th over - 0 runs, 0 hits, 0 errors, 1 left on base; Lowell 4 - Vermont 4
TOP OF THE 14TH
Lowell Spinners batting - Pitching for Vermont Lake Monsters : LHP Alexis Miranda
Batting: RHB Frank Sokolosky 0-0: Ball
1-0: Ball
2-0: SOLO HOME RUN (Flyball, 9D, EV 93.1 MPH), Distance : 361 ft
Batting: RHB Billy Ratz 0-0: DOUBLE (Line Drive, 8RXD, EV 112.5 MPH)
Batting: RHB Bobby Schimke 0-0: Intentional Walk
Batting: LHB Tony Rivera 0-0: Ball
1-0: Ball
2-0: Ball
3-0: Called Strike
3-1: Ground out 6-3 (Groundball, 6MD, EV 108.8 MPH)
Billy Ratz to third
Bobby Schimke to second
Batting: RHB Mike Strey 0-0: Called Strike
0-1: Foul Ball, location: 2F
0-2: Strikes out looking
Batting: RHB Matt Hinkle 0-0: Ball
1-0: Ball
2-0: Called Strike
2-1: Called Strike
2-2: Ground out 5-3 (Groundball, 56S, EV 86.2 MPH)
Top of the 14th over - 1 run, 2 hits, 0 errors, 2 left on base; Lowell 5 - Vermont 4
BOTTOM OF THE 14TH
Vermont Lake Monsters batting - Pitching for Lowell Spinners : RHP Bryan Paiva
Batting: LHB Lee Gerken 0-0: Ball
1-0: SINGLE (Line Drive, 8RS, EV 111.2 MPH)
Batting: LHB Chance Stever 0-0: Ball
1-0: 2-RUN HOME RUN (Flyball, 89XD, EV 100.6 MPH), Distance : 404 ft
Bottom of the 14th over - 2 runs, 2 hits, 0 errors, 0 left on base; Lowell 5 - Vermont 6
Game Over ... Vermont defeats Lowell, 6 to 5
Wednesday, June 22nd , 2022 - OOTP Baseball 23.4 Build 64